 Dungeon Crawl Stone Soup version 0.19-a0-1834-g6b7851e (webtiles) character file.

31214 4thArraOfDagon the Grappler (level 13, 10/124 HPs)
             Began as a Troll Necromancer on Oct 9, 2016.
             Was a High Priest of Sif Muna.
             Quit the game on level 1 of the Elven Halls.
             The game lasted 00:39:20 (6720 turns).

4thArraOfDagon the Grappler (Troll Necromancer)     Turns: 6720, Time: 00:39:20

Health: 10/124     AC: 10    Str: 17    XL:     13   Next: 24%
Magic:  9/17       EV: 12    Int: 15    God:    Sif Muna [*****.]
Gold:   251        SH:  0    Dex:  8    Spells: 1 memorised, 19 levels left

rFire  + . .     SeeInvis .       - Unarmed
rCold  . . .     Gourm    +     v - +1 troll leather armour
rNeg   . . .     Faith    .     (no shield)
rPois  .         Spirit   .     i - +1 hat
rElec  .         Dismiss  .     d - +0 cloak {MR+}
rCorr  .         Reflect  .     (gloves unavailable)
MR     ++...     Harm     .     (boots unavailable)
Stlth  +......... Rnd*Rage +    (no amulet)
                                r - ring of protection from magic
                                h - ring of protection from fire

@: regenerating, divine energy
A: unfitting armour, antennae 1, claws 3, yellow scales 1, berserk 1, clumsy 1,
deformed body, fast metabolism 3, gourmand, low mp 1, mutation resistance 1,
regeneration 1, screaming 1, shaggy fur 1, tough skin 2, weak 1, MP-powered
wands
a: Stop Divine Energy, Channel Magic, Forget Spell, Renounce Religion


You were on level 1 of the Elven Halls.
You worshipped Sif Muna.
Sif Muna was extremely pleased with you.
You were very full.

You visited 3 branches of the dungeon, and saw 18 of its levels.
You also visited: Bailey.

You collected 950 gold pieces.
You spent 699 gold pieces at shops.

Inventory:

Hand Weapons
 k - a +0 scimitar of flaming
Missiles
 l - 6 throwing nets (quivered)
 s - 8 large rocks
Armour
 a - a +0 robe
 d - a +0 cloak of magic resistance (worn)
 i - a +1 hat (worn)
 n - a +2 robe of cold resistance
 v - a +1 troll leather armour (worn)
 J - a +1 robe of cold resistance
Magical Staves
 z - an uncursed staff of power {!a}
 H - an uncursed staff of fire {unknown}
Jewellery
 h - a ring of protection from fire (left claw)
 r - a ring of protection from magic (right claw)
 x - an uncursed ring of poison resistance
Wands
 e - a wand of flame (32/48)
 f - a wand of enslavement (10/24)
 g - a wand of confusion (22/48)
 q - a wand of confusion (20/48)
 t - a wand of lightning (9/15)
 A - a wand of disintegration (10/24)
 K - a wand of teleportation (7/9)
Scrolls
 m - 2 scrolls of remove curse
 o - 3 scrolls of recharging
 p - a scroll of identify
 u - a scroll of enchant armour
 y - a scroll of teleportation {unknown}
 D - a scroll of immolation {unknown}
 E - a scroll of acquirement {unknown}
Potions
 w - a potion of ambrosia
 C - a potion of brilliance {unknown}
 I - a potion of might
Books
 b - a book of Necromancy

   Spells                             Type                      Level
   a - Pain                           Necromancy                   1
   b - Animate Skeleton               Necromancy                   1
   c - Vampiric Draining              Necromancy                   3
   d - Regeneration                   Charms/Necromancy            3
   e - Animate Dead                   Necromancy                   4
   f - Control Undead                 Necromancy                   4
Miscellaneous
 F - a phantom mirror
 G - a lamp of fire
Comestibles
 c - 5 bread rations
 j - 2 meat rations


   Skills:
 - Level 7.1 Fighting
 - Level 7.2 Dodging
 - Level 1.0 Stealth
 * Level 14.6 Unarmed Combat
 + Level 5.0 Spellcasting
 - Level 4.5 Charms
 - Level 6.7 Necromancy


You had 19 spell levels left.
You knew the following spells:

 Your Spells              Type           Power        Failure   Level  Hunger
b - Regeneration          Chrm/Necr      ###.......   10%         3    ###....


Dungeon Overview and Level Annotations

Branches:
Dungeon (15/15)               Orc (2/2) D:11            Elf (1/3) Orc:2
 Temple: D:4-7         Lair: D:8-11      Vaults: D:13-14     Depths: D:15

Altars:
Ashenzari
Kikubaaqudgha
Sif Muna
Vehumet
Beogh

Shops:
D:5 }   D:11 [   Orc:2 !}}(

Annotations:
D:7 Joseph, Menkaure
D:12 2 runed doors, exclusion: orange crystal statue
D:15 Kirke


Innate Abilities, Weirdness & Mutations

You are too large for most types of armour.
You have claws for hands.
Your metabolism is lightning-fast.
You like to eat raw meat.
Your natural rate of healing is unusually fast.
You are covered in fur. (AC +1)
You have very tough skin. (AC +2)
You have a pair of small antennae on your head.
You are partially covered in yellow scales. (AC +2)
You tend to lose your temper in combat.
You are clumsy. (Dex -2)
Armour fits poorly on your strangely shaped body.
Your magical capacity is low. (-10% MP)
You are somewhat resistant to further mutation.
You occasionally shout uncontrollably at your foes.
You are weak. (Str -2)
You expend magic power (3 MP) to strengthen your wands.


Message History

The dire flail of protection is heavily damaged.
The dire flail of protection hits you!
* * * LOW HITPOINT WARNING * * *
You are too injured to fight recklessly!
You are too injured to fight recklessly!
You are too injured to fight recklessly!
You barely miss the dire flail of protection.
The dire flail of protection is heavily damaged.
The dire flail of protection hits you!!
* * * LOW HITPOINT WARNING * * *
Unknown command.
Unknown command.
You barely miss the dire flail of protection.
The dire flail of protection is heavily damaged.
The dire flail of protection hits you.
* * * LOW HITPOINT WARNING * * *
Unknown command.
Unknown command.
Unknown command.
Are you sure you want to abandon this character and quit the game? (Confirm with "yes".)

#.#.###.#
#####........##.
#.##.#.##
#........##.
#.##.(.#
#.##...####.
#......#
#+######....
####.##### ...#
#.... #........#
...[ #....
#.##.##..# .....
#....
#.##.#...####......
#....
...........@(......
#.....
##.##.....####......
##.... #. ##.#..#
..... ##... #.##.#
.... ##.. .....# ...
#. ##.#### +# # #. #
.. #


You could see a dire flail of protection.

Vanquished Creatures
  2 centaur warriors
  A dancing weapon (Elf:1)
  2 ogre magi (Orc:2)
  2 deep elf knights (Elf:1)
  A wizard (D:15)
  2 hill giants
  A deep elf archer (Elf:1)
  Pikel (D:4)
  6 deep elf magi (Elf:1)
  2 orc knights
  9 orc sorcerers
  2 cyclopes
  2 ugly things (D:11)
  Maurice (D:13)
  A gargoyle (D:15)
  A freezing wraith (D:14)
  An efreet (D:15)
  9 trolls
  A polar bear (D:8)
  A two-headed ogre (Orc:1)
  2 hippogriffs (D:12)
  A meliai zombie (D:13)
  A water elemental (D:12)
  2 wyverns
  A hog (D:14)
  8 yaks
  A hungry ghost (D:14)
  A soldier ant (D:14)
  5 wargs
  A water moccasin (D:10)
  14 orc warriors
  5 sky beasts
  A slave (D:4)
  A hornet zombie (D:13)
  2 phantoms (D:10)
  An eye of draining (D:12)
  3 ice beasts
  7 ogres
  8 centaurs
  A big kobold (D:14)
  4 bullfrogs
  8 gnoll sergeants (Bailey)
  An earth elemental (Elf:1)
  A water moccasin skeleton (D:7)
  3 scorpions
  13 killer bees
  7 wights (D:12)
  3 howler monkeys
  3 crimson imps
  4 bullfrog zombies
  4 centaur zombies
  8 hounds
  A jelly (D:7)
  4 centaur skeletons
  5 orc priests
  25 orc wizards
  A bullfrog skeleton (D:13)
  6 gnoll shamans (Bailey)
  4 iguanas
  3 worker ants
  A centaur simulacrum (D:8)
  A mummy (D:12)
  2 howler monkey zombies
  14 gnolls (Bailey)
  5 adders
  A howler monkey skeleton (D:8)
  A shadow imp (D:5)
  A white imp (D:8)
  A worker ant simulacrum (D:8)
  2 adder skeletons
  A worm (D:3)
  3 leopard geckos
  43 orcs
  3 bats
  3 giant cockroaches
  7 goblins
  3 hobgoblins
  2 jackals (D:8)
  A ball python (D:4)
  A frilled lizard (D:1)
  4 kobolds
  A leopard gecko skeleton (D:6)
  A quokka skeleton (D:7)
  3 rats
327 creatures vanquished.

Vanquished Creatures (others)
  A yak (D:11)
  3 orc wizards (Orc:2)
  An adder (D:4)
  A jackal (D:4)
6 creatures vanquished.

Grand Total: 333 creatures vanquished

Notes
Turn   | Place    | Note
-------+----------+-------------------------------------------
     0 | D:1      | 4thArraOfDagon the Troll Necromancer began the quest for the Orb.
     0 | D:1      | Reached XP level 1. HP: 16/16 MP: 1/1
    59 | D:1      | Reached skill level 1 in Unarmed Combat
   116 | D:1      | Reached XP level 2. HP: 24/24 MP: 2/2
   154 | D:2      | Reached skill level 2 in Unarmed Combat
   276 | D:4      | Found a radiant altar of Vehumet.
   317 | D:4      | Noticed a slave
   369 | D:4      | Reached XP level 3. HP: 31/31 MP: 3/3
   398 | D:4      | Reached skill level 3 in Unarmed Combat
   423 | D:4      | Noticed a scorpion
   447 | D:4      | Found a deep blue altar of Sif Muna.
   454 | D:4      | Became a worshipper of Sif Muna the Loreminder
   463 | D:4      | Killed a scorpion
   463 | D:4      | Reached skill level 4 in Unarmed Combat
   463 | D:4      | Reached XP level 4. HP: 21/39 MP: 4/4
   488 | D:4      | Noticed a phantom
   494 | D:5      | Entered Level 5 of the Dungeon
   536 | D:5      | Learned a level 3 spell: Regeneration
   585 | D:3      | Reached XP level 5. HP: 39/45 MP: 5/5
   729 | D:4      | Reached skill level 5 in Unarmed Combat
   740 | D:4      | Reached skill level 6 in Unarmed Combat
   740 | D:4      | Reached XP level 6. HP: 30/53 MP: 6/6
   790 | D:4      | Noticed a slave
   793 | D:4      | Noticed Pikel
   793 | D:4      | Noticed a slave
   812 | D:4      | Killed a slave
   827 | D:4      | Killed Pikel
   827 | D:4      | Reached skill level 8 in Unarmed Combat
   827 | D:4      | Reached XP level 7. HP: 59/59 MP: 7/7
   956 | D:5      | Found Punecubu's Gadget Emporium.
  1103 | D:6      | Reached skill level 9 in Unarmed Combat
  1192 | D:7      | Reached XP level 8. HP: 40/67 MP: 8/8
  1199 | D:7      | Found an ancient bone altar of Kikubaaqudgha.
  1200 | D:7      | Noticed Menkaure
  1200 | D:7      | Noticed Joseph
  1222 | D:8      | Noticed a polar bear
  1250 | D:8      | HP: 2/67 [polar bear (6)]
  1251 | D:8      | Killed a polar bear
  1251 | D:8      | Reached * piety under Sif Muna
  1318 | D:8      | Reached skill level 1 in Fighting
  1318 | D:8      | Reached skill level 1 in Charms
  1330 | D:8      | Noticed an eight-headed hydra
  1520 | D:7      | Found a radiant altar of Vehumet.
  1797 | D:9      | Noticed a hill giant
  1837 | D:8      | Reached XP level 9. HP: 45/76 MP: 10/10
  1869 | D:8      | Noticed a death yak
  1904 | D:8      | HP: 3/76 [death yak (27)]
  2040 | D:10     | Entered Level 10 of the Dungeon
  2161 | D:10     | Reached ** piety under Sif Muna
  2161 | D:10     | Reached skill level 10 in Unarmed Combat
  2280 | D:10     | Reached skill level 5 in Necromancy
  2368 | D:10     | Noticed a hill giant
  2654 | D:11     | Reached XP level 10. HP: 68/88 MP: 7/12
  2705 | D:11     | Noticed a green ugly thing
  2719 | D:11     | Killed a green ugly thing
  2735 | D:11     | Gained mutation: You occasionally shout uncontrollably at your foes. [mutagenic meat]
  2738 | D:11     | Gained mutation: You tend to lose your temper in combat. [mutagenic meat]
  2741 | D:11     | Gained mutation: You expend magic power (3 MP) to strengthen your wands. [mutagenic meat]
  2744 | D:11     | Gained mutation: Your mind is acute. (Int +2) [mutagenic meat]
  2786 | D:11     | Found Rizeesty's Antique Armour Shoppe.
  2794 | D:11     | Reached *** piety under Sif Muna
  2933 | D:13     | Gained mutation: You have a pair of small antennae on your head. [mutagenic meat]
  2936 | D:13     | Gained mutation: You are clumsy. (Dex -2) [mutagenic meat]
  2939 | D:13     | Lost mutation: You are clumsy. (Dex -2) [mutagenic meat]
  2941 | D:13     | Noticed Maurice
  3053 | D:13     | Killed Maurice
  3056 | D:13     | Noticed a ghoul
  3063 | D:12     | Noticed a cyclops
  3090 | D:12     | Killed a cyclops
  3090 | D:12     | Reached skill level 11 in Unarmed Combat
  3167 | D:12     | Noticed a hill giant
  3183 | D:12     | Killed a hill giant
  3401 | D:13     | Noticed a skeletal warrior
  3463 | D:11     | Noticed a four-headed hydra
  3573 | D:12     | Reached XP level 11. HP: 98/98 MP: 14/14
  3582 | D:12     | Gained mutation: You are weak. (Str -2) [mutagenic meat]
  3630 | D:12     | Found a runed door.
  3651 | D:12     | Lost mutation: Your mind is acute. (Int +2) [mutagenic meat]
  3660 | D:12     | Gained mutation: You are clumsy. (Dex -2) [mutagenic meat]
  3663 | D:12     | Gained mutation: You are partially covered in yellow scales. (AC +2) [mutagenic meat]
  3670 | D:12     | Noticed an orange crystal statue
  3687 | D:12     | Found a runed door.
  3703 | D:12     | Found a runed door.
  3960 | D:14     | Noticed a centaur warrior
  3975 | D:14     | Killed a centaur warrior
  4020 | D:15     | Entered Level 15 of the Dungeon
  4020 | D:15     | Noticed a wizard
  4032 | D:15     | Killed a wizard
  4068 | D:15     | Noticed a centaur warrior
  4080 | D:15     | Killed a centaur warrior
  4080 | D:15     | Reached skill level 5 in Dodging
  4080 | D:15     | Reached skill level 12 in Unarmed Combat
  4095 | D:15     | Reached **** piety under Sif Muna
  4168 | D:14     | Noticed a tengu warrior
  4196 | D:15     | Noticed Kirke
  4289 | D:14     | Noticed a hill giant
  4307 | D:14     | Reached skill level 5 in Fighting
  4311 | D:14     | Killed a hill giant
  4374 | D:14     | Found a shattered altar of Ashenzari.
  4508 | D:14     | Noticed a tengu warrior
  4582 | D:13     | Gained mutation: Your magical capacity is low. (-10% MP) [mutagenic meat]
  4585 | D:13     | Gained mutation: You are somewhat resistant to further mutation. [mutagenic meat]
  4588 | D:13     | Gained mutation: Armour fits poorly on your strangely shaped body. [mutagenic meat]
  4839 | D:11     | Noticed a red ugly thing
  4853 | D:11     | Killed a red ugly thing
  4853 | D:11     | Reached XP level 12. HP: 46/111 MP: 11/14
  4866 | D:11     | Found a staircase to the Orcish Mines.
  4948 | Orc:1    | Entered Level 1 of the Orcish Mines
  4951 | Orc:1    | Reached skill level 13 in Unarmed Combat
  5163 | Orc:1    | Found a flagged portal.
  5168 | Bailey   | Entered a bailey
  5727 | Orc:2    | Entered Level 2 of the Orcish Mines
  6054 | Orc:2    | Found Fuxonn's Distillery.
  6077 | Orc:2    | Bought a potion of lignification for 45 gold pieces
  6077 | Orc:2    | Bought a potion of might for 60 gold pieces
  6088 | Orc:2    | Found Hetiod's Gadget Emporium.
  6117 | Orc:2    | Found a radiant altar of Vehumet.
  6117 | Orc:2    | Noticed an ogre mage
  6129 | Orc:2    | Noticed an ogre mage
  6143 | Orc:2    | Killed an ogre mage
  6148 | Orc:2    | Killed an ogre mage
  6148 | Orc:2    | Reached ***** piety under Sif Muna
  6148 | Orc:2    | Reached skill level 14 in Unarmed Combat
  6211 | Orc:2    | Found an ancient bone altar of Kikubaaqudgha.
  6233 | Orc:2    | Found a roughly hewn altar of Beogh.
  6271 | Orc:2    | Found Ranaroc's Gadget Shoppe.
  6274 | Orc:2    | Found Varoejuk's Antique Weapon Shoppe.
  6287 | Orc:2    | RIP
  6315 | Orc:2    | Bought a wand of teleportation (7/9) for 594 gold pieces
  6338 | Orc:2    | Found a staircase to the Elven Halls.
  6354 | Orc:2    | Identified Xikefakidd's Tome of the Lucky Frostbite (Sif Muna gifted it to you on level 2 of the Orcish Mines)
  6354 | Orc:2    | Received a gift from Sif Muna
  6435 | Elf:1    | Entered Level 1 of the Elven Halls
  6460 | Elf:1    | Reached XP level 13. HP: 124/124 MP: 6/17
  6611 | Elf:1    | Reached skill level 5 in Spellcasting
  6720 | Elf:1    | Quit the game

Vault maps used:
D:1:      dpeg_arrival_chase
D:2:      old_standard_altar, serial_forest, infiniplex_forest_lined_4_way,
          infiniplex_forest_clump_diagonal, infiniplex_forest_fountain,
          infiniplex_forest_corner_2, infiniplex_forest_end_2,
          infiniplex_forest_straight_4, infiniplex_forest_straight_3,
          makhleb_blood_cavern_becter
D:3:      ecumenical_altar_2, uniq_natasha
D:4:      fiery_altar_vehumet, nicolae_overflow_crystal_walls,
          minmay_misc_feat_tiny, uniq_pikel
D:5:      eat_drink_and_be_merry_uskayaw, first_bread, serial_shops, shop,
          uniq_prince_ribbit1
D:6:      bloody_trog
D:7:      kennysheep_mini, nemelex_xobeh_ov_fountains_minmay,
          grunt_temple_overflow_open, basic_altar, uniq_menkaure, uniq_joseph
D:8:      lemuel_crystal_altar, serial_ice, serial_ice_b, serial_ice_i,
          serial_ice_c, serial_ice_g, serial_ice_m, grunt_ogre_cave
D:9:      kennysheep_mini_moat, erik_lair_orcish_takeover, special_room,
          minivault_25_ag, bh_walls_and_bars
D:10:     uniq_erica
D:11:     david_orc_2, serial_shops, shop
D:12:     roderic_digamma_sauvastika, minmay_statue_crystal_thing
D:13:     serial_undead, serial_undead_a, serial_undead_a, serial_undead_a,
          serial_undead_c, uniq_urug, uniq_maurice
D:14:     david_vaults_4, evilmike_ruin_ashenzari
D:15:     grunt_enter_depths_hoard, minmay_misc_feat_encased, uniq_kirke
Orc:1:    enter_bailey_3
Orc:2:    kennysheep_orc_mage_school
Elf:1:    eino_elf_arrival_the_gate, orc_legates, nrook_mini_backslash
Bailey:   bailey_polearm_gnolls_kennysheep, bailey

Skill      XL: |  1  2  3  4  5  6  7  8  9 10 11 12 13 |
---------------+----------------------------------------+-----
Unarmed Combat | 1 2 4 6 8 9 10 11 12 14 | 14.6
Fighting       | 1 2 3 5 7 |  7.1
Charms         | 2 3 4 |  4.5
Dodging        | 2 3 4 5 7 |  7.2
Necromancy     | 4 5 6 |  6.7
Spellcasting   | 2 3 4 5 |  5.0
Stealth        | |  1.0

Action                   |  1- 3 |  4- 6 |  7- 9 | 10-12 | 13-15 || total
-------------------------+-------+-------+-------+-------+-------++-------
Melee: Unarmed           |    66 |    85 |   295 |   880 |    66 ||  1392
       Punch             |       |     1 |    10 |    36 |     2 ||    49
Throw: Tomahawk          |       |       |     8 |       |       ||     8
       Large rock        |       |       |       |     2 |       ||     2
 Cast: Regeneration      |       |       |    12 |   101 |     9 ||   122
Invok: Divine Energy     |       |       |     1 |       |       ||     1
Evoke: Wand              |       |       |     8 |    12 |       ||    20
       Box of beasts     |       |       |       |     1 |       ||     1
  Use: Potion            |       |     2 |     2 |     4 |     1 ||     9
       Scroll            |       |       |     3 |    16 |       ||    19
 Stab: Sleeping          |     1 |       |     2 |       |       ||     3
       Confused          |       |       |     4 |     4 |       ||     8
  Eat: Chunk             |     3 |     9 |    17 |    68 |     3 ||   100
       Beef jerky        |       |       |     1 |     1 |       ||     2
       Meat ration       |       |       |       |     1 |       ||     1
       Fruit             |       |       |       |     1 |       ||     1
Armor: Robe              |    20 |    28 |    89 |    13 |       ||   150
       Skin              |       |    13 |       |    10 |     1 ||    24
       Troll leather arm |       |       |       |   319 |    14 ||   333
Dodge: Dodged            |    41 |    39 |   119 |   478 |    14 ||   691
